 Dungeon Crawl Stone Soup version 0.31.0-11-ge490571c62 (webtiles) character file.

Game seed: 17226862368907658503

52948 Arcadio the Grappler (level 14, -7/222 HPs)
             Began as a Troll Delver on Jan 26, 2024.
             Was a Follower of Yredelemnul.
             Mangled by a red devil
             ... wielding a +2 demon trident of venom
              (19 damage)
             ... on level 5 of the Lair of Beasts on Jan 27, 2024.
             The game lasted 00:45:40 (15468 turns).

Arcadio the Grappler (Troll Delver)                Turns: 15468, Time: 00:45:40

Health: -7/222     AC:  7    Str: 27    XL:     14   Next: 29%
Magic:  19/19      EV: 14    Int:  6    God:    Yredelemnul [*.....]
Gold:   736        SH:  0    Dex: 11    Spells: 13/13 levels left

rFire   + .          .
                       - Unarmed
rCold   + + .        (no shield)
rNeg    . . .        p - +1 robe {rC+}
rPois   +            (helmet restricted)
rElec   +            C - +1 cloak
rCorr   +            (gloves unavailable)
SInv    .            (boots unavailable)
Will    +....        M - amulet of faith Stlth
                     H - ring of wizardry
HPRegen 1.37/turn    (no ring)
MPRegen 0.16/turn

%: faith, wizardry (x1)
@: confused, mighty, berserking, lethally poisoned (-7 -> -9), resistant,
ambrosia-drunk, spiked, very quick
A: large, unfitting armour, claws 3, regeneration 1, shaggy fur 1, tough skin 1,
persistent drain
a: Renounce Religion, Recall Undead Harvest


You were on level 5 of the Lair of Beasts.
You worshipped Yredelemnul.
Yredelemnul was aware of your devotion.
You visited 3 branches of the dungeon, and saw 16 of its levels.
You also visited: Gauntlet.

You collected 736 gold pieces.

Inventory:

Hand Weapons
 O - the +8 demon trident "Rift" {distort, reach+}
   (You found it on level 2 of the Lair of Beasts)
Missiles
 I - 2 throwing nets (quivered)
Armour
 a - a +0 robe
 h - a +0 robe of willpower
 p - a +1 robe of cold resistance (worn)
 C - a +1 cloak (worn)
Jewellery
 c - an amulet of reflection
 x - an amulet of the acrobat
 H - a ring of wizardry (left claw)
 M - an amulet of faith (around neck)
 S - a ring of ice
Wands
 f - a wand of digging (6)
 k - a wand of flame (66)
 u - a wand of quicksilver (8)
 w - a wand of polymorph (11)
 y - a wand of mindburst (20)
 R - a wand of roots (1)
 U - a wand of charming (3)
Scrolls
 b - 2 scrolls of fog
 d - 2 scrolls of fear
 j - 4 scrolls of poison
 l - 6 scrolls of enchant armour
 n - 4 scrolls of amnesia
 r - 2 scrolls of identify
 s - 2 scrolls of enchant weapon
 z - 2 scrolls of immolation {unknown}
 B - 3 scrolls of vulnerability
 D - a scroll of torment {unknown}
 F - a scroll of acquirement {unknown}
 J - 3 scrolls of teleportation {unknown}
 K - a scroll of brand weapon {unknown}
 T - a scroll of summoning {unknown}
Potions
 e - 2 potions of haste
 m - 4 potions of enlightenment
 o - 2 potions of cancellation
 q - 4 potions of attraction
 G - 3 potions of invisibility
 N - 10 potions of ambrosia
 P - a potion of magic {unknown}
 Q - a potion of brilliance {unknown}


   Skills:
 + Level 11.9 Fighting
 + Level 11.7 Dodging
 - Level 2.8 Stealth
 + Level 13.7 Unarmed Combat
 + Level 8.8 Invocations


You had 13 spell levels left.
You didn't know any spells.
Your spell library contained the following spells:

 Spells                   Type           Power      Damage    Failure   Level
 Apportation              Tloc           0%         N/A       21%         1
 Freeze                   Ice            0%         1d3       21%         1
 Cigotuvi's Dreadful Rot  Necr/Alch/Air  0%         N/A       28%         2
 Jinxbite                 Hex            0%         N/A       28%         2
 Scorch                   Fire           0%         2d5       28%         2
 Frozen Ramparts          Ice            0%         1d1       50%         3
 Hailstorm                Conj/Ice       0%         3d5       50%         3
 Inner Flame              Hex/Fire       0%         N/A       50%         3
 Stone Arrow              Conj/Erth      0%         3d7       50%         3
 Animate Armour           Summ/Erth      0%         N/A       86%         4
 Flame Wave               Conj/Fire      0%         2d4       86%         4
 Ignite Poison            Fire/Alch      0%         N/A       86%         4
 Sticky Flame             Fire/Alch      0%         2d4       86%         4
 Vhi's Electric Charge    Tloc/Air       0%         N/A       86%         4
 Alistair's Intoxication  Alch           0%         N/A       99%         5
 Arcjolt                  Conj/Air       0%         1d10      99%         5
 Freezing Cloud           Conj/Ice/Air   0%         6-21      99%         5
 Summon Cactus Giant      Summ           0%         N/A       100%        6
 Lehudib's Crystal Spear  Conj/Erth      0%         10d2      100%        8
 Maxwell's Capacitive Co  Air            0%         ∞         100%        8


Dungeon Overview and Level Annotations

Branches:
Dungeon (11/15)            Temple (1/1) D:6            Lair (5/5) D:10
  Swamp (0/4) Lair:2       Spider (0/4) Lair:2        Slime (0/5) Lair:5
    Orc (0/2) D:9         Gauntlet (visited)

Altars:
Ashenzari
Cheibriados
Dithmenos
Elyvilon
Fedhas
Gozag
Hepliaklqana
Kikubaaqudgha
Makhleb
Nemelex Xobeh
Okawaru
Qazlal
Ru
Sif Muna
Trog
Uskayaw
Vehumet
Wu Jian
Xom
Yredelemnul
Zin
The Shining One
Jiyva

Annotations:
D:6 1 runed translucent door, Yehuk's ghost, novice MiBe


Innate Abilities, Weirdness & Mutations

You are too large for most types of armour.
You have claws for hands.
Your natural rate of healing is unusually fast.
You are covered in fur. (AC +1)
You have tough skin. (AC +1)
Your health recovers twice as slowly from being drained.


Message History

You are more poisoned.
Your spectral ice devil hits the red devil but does no damage.
Okay, then.
Blink to where?
Press: ? - help, Dir - move target
As you read the scroll of blinking, it crumbles to dust.
* * * LOW HITPOINT WARNING * * *
You feel extremely sick.
You are confused.
You feel invigorated.
* * * LOW HITPOINT WARNING * * *
You feel extremely sick.
It was a potion of might.
You feel very mighty all of a sudden.
* * * LOW HITPOINT WARNING * * *
You feel extremely sick.
It was a potion of resistance.
You feel protected.
* * * LOW HITPOINT WARNING * * *
You feel very sick.
It was a potion of mutation.
You feel extremely strange.
You begin to recover more slowly from draining effects.
* * * LOW HITPOINT WARNING * * *
You feel very sick.
It was a potion of berserk rage.
A red film seems to cover your vision as you go berserk!
You feel yourself moving faster!
You feel mighty!
* * * LOW HITPOINT WARNING * * *
You feel very sick.
The red devil barely misses something.
Your spectral ice devil closely misses the red devil.
You are too berserk!
You are too berserk!
You feel a strong urge to attack something.
You feel sick.
You feel sick.
The red devil hits your spectral ice devil with a +0 trident.
The red devil hits you from afar with a +2 demon trident of venom!!
You die...
Your body rises from the dead as a mindless zombie.

.PPP............#..#.#......#,*
.............................#*
.♣♣....♣♣..♣♣......♣♣........#
♣♣♣...♣♣♣♣♣♣♣....♣♣♣*♣♣.....♣#
♣♣♣♣♣ ♣♣♣♣♣♣♣ *♣....♣ ♣♣.♣♣
*♣♣♣♣♣ ♣...♣♣ ♣....♣♣♣
♣♣♣.Z♣♣.@♣♣♣ ♣♣...♣♣♣♣♣.4♣♣♣
♣♣♣ ♣♣♣♣...♣♣ ♣♣♣..♣♣
..♣♣♣....♣♣♣ ♣♣ZZ♣♣ .......♣♣♣
♣..4.♣ ♣.♣♣.♣♣♣
######''#######**
♣♣♣♣♣+#########....4........#~~
**........#...8Z...8....#~~
*..8.8...'..Z4.........#~~


You could see 2 red devils, a friendly spectral ice devil and a friendly rime
drake zombie.

Vanquished Creatures
  A hydra (Lair:4)
  A two-headed ogre (D:10)
  5 death yaks
  A skyshark (Lair:2)
  An arcanist (Lair:5)
  2 lindwurms (Lair:4)
  Pikel (D:4)
  8 elephants
  A cyclops (D:9)
  2 black mambas
  10 komodo dragons
  2 torpor snails
  4 cane toads
  5 rime drakes
  A kobold demonologist (D:10)
  Psyche (D:8)
  2 ice devils (Lair:5)
  3 trolls
  A hellwing (Lair:5)
  A polar bear (Lair:2)
  2 queen bees
  2 hornets
  4 dream sheep
  8 blink frogs
  37 yaks
  2 wyverns
  A vampire (D:10)
  A spriggan (Lair:3)
  A wraith (D:11)
  3 basilisks
  2 steam dragons
  Menkaure (D:7)
  2 swamp worms (Lair:2)
  2 acid dragons
  16 water moccasins
  3 sky beasts
  2 ice beasts (D:6)
  5 orc warriors
  3 black bears
  4 centaurs
  An ogre (D:4)
  A lemure (D:5)
  8 wolves
  4 phantoms
  6 kobold brigands
  A gnoll sergeant (D:8)
  6 bullfrogs
  3 scorpions
  12 wights
  49 killer bees
  2 howler monkeys (D:4)
  2 electric eels
  3 bombardier beetles
  2 jellies
  Crazy Yiuf (D:4)
  2 hounds
  6 orc priests
  2 sleepcaps
  Jessica (D:2)
  3 iguanas
  Natasha (thrice) (D:4)
  2 orc wizards
  4 hell rats (Lair:1)
  Robin (D:2)
  5 adders
  5 gnolls (D:8)
  A shadow imp (D:6)
  A white imp (D:6)
  A dart slug (D:3)
  3 ribbon worms
  30 orcs
  A bat (D:3)
  9 endoplasms
  9 goblins
  12 hobgoblins
  3 quokkas
  A ball python (D:3)
  2 frilled lizards
  22 kobolds
384 creatures vanquished.

Vanquished Creatures (collateral kills)
  A hydra (D:9)
  2 death yaks
  A sun demon (Lair:5)
  A skyshark (Lair:5)
  Amaemon (D:10)
  5 elephants
  A black mamba (Lair:2)
  2 orange demons
  2 rime drakes
  An unseen horror (D:11)
  A cane toad (Lair:4)
  A torpor snail (Lair:4)
  An ice devil (Lair:5)
  A troll (D:11)
  A polar bear (Lair:3)
  11 blink frogs
  3 dream sheep
  A wyvern (Lair:3)
  12 yaks
  2 basilisks
  8 water moccasins
  2 hell hounds (Lair:5)
  A black bear (D:10)
  An orc warrior (D:11)
  An ogre (D:7)
  6 wolves
  A kobold brigand (D:9)
  A scorpion (D:10)
  6 bullfrogs
  14 killer bees
  2 jellies (Lair:5)
  A hell rat (Lair:1)
  2 river rats (Lair:2)
  4 orcs
  2 endoplasms (Lair:5)
  A hobgoblin (D:2)
  8 kobolds
  A goblin (D:2)
  A rat (D:2)
114 creatures vanquished.

Vanquished Creatures (others)
  2 spectral hydras (Lair:5)
  A spectral elf (D:11)
  A death yak zombie (Lair:5)
  A spectral orange demon (Lair:5)
  A spectral ice devil (Lair:5)
  A cane toad zombie (Lair:5)
  A skyshark zombie (Lair:5)
  4 blink frog zombies
  A torpor snail zombie (Lair:5)
  2 rime drake zombies (Lair:5)
  2 komodo dragon zombies
  A kobold brigand (D:10)
  2 hell hound zombies (Lair:5)
  A wyvern zombie (D:9)
  7 water moccasin zombies
  A polar bear zombie (Lair:2)
  10 yak zombies
  7 wolf zombies
  2 basilisk zombies
  4 bullfrog zombies
  24 killer bee zombies
  A sky beast zombie (D:7)
  An acid dragon zombie (D:11)
  A hell rat zombie (Lair:1)
  An iguana zombie (D:7)
  2 jelly zombies (Lair:5)
  5 endoplasm zombies
  A frilled lizard zombie (D:2)
  3 gnoll zombies (D:8)
  A goblin zombie (D:2)
  A hobgoblin zombie (D:2)
  9 kobold zombies
  12 orc zombies
  A quokka zombie (D:2)
  A river rat zombie (Lair:2)
116 creatures vanquished.

Grand Total: 614 creatures vanquished

Notes
Turn   | Place    | Note
-------+----------+-------------------------------------------
     0 | D:5      | Arcadio the Troll Delver began the quest for the Orb.
     0 | D:5      | Reached XP level 1. HP: 22/22 MP: 0/0
    13 | D:5      | Noticed a bombardier beetle
    76 | D:5      | Reached XP level 2. HP: 17/29 MP: 1/1
    90 | D:5      | Noticed a phantom
   109 | D:5      | Noticed a scorpion
   139 | D:5      | Killed a phantom
   140 | D:5      | Reached skill level 3 in Unarmed Combat
   140 | D:5      | Reached XP level 3. HP: 21/37 MP: 2/2
   140 | D:5      | Reached XP level 4. HP: 26/45 MP: 3/3
   216 | D:5      | Noticed a kobold brigand
   459 | D:5      | Killed a scorpion
   460 | D:5      | Reached XP level 5. HP: 9/53 MP: 4/4
   630 | D:5      | Reached XP level 6. HP: 60/62 MP: 5/5
   729 | D:4      | Noticed Pikel
   892 | D:5      | Reached skill level 4 in Unarmed Combat
   964 | D:5      | Identified the +2 leather armour "Jote" {Str+4 Dex+2}
  1340 | D:6      | Noticed an orc warrior
  1349 | D:6      | Killed an orc warrior
  1378 | D:6      | Reached XP level 7. HP: 66/71 MP: 6/6
  1500 | D:6      | Reached skill level 5 in Unarmed Combat
  1565 | D:6      | Noticed Yehuk's ghost (novice MiBe)
  1568 | D:6      | Found a runed translucent door.
  1590 | D:6      | Found a glowing silver altar of Zin.
  1662 | D:6      | Found a staircase to the Ecumenical Temple.
  1800 | Temple   | Entered the Ecumenical Temple
  1806 | Temple   | Became a worshipper of Yredelemnul the Dark
  1821 | D:6      | Reached skill level 5 in Fighting
  1963 | D:7      | Reached XP level 8. HP: 63/80 MP: 7/7
  1982 | D:7      | Noticed Menkaure
  1987 | D:7      | Killed Menkaure
  2015 | D:7      | Identified the +4 scimitar of Starshine {flame, rC+ rCorr
                  | Int-3 Dex+3}
  2032 | D:7      | Reached * piety under Yredelemnul
  2061 | D:7      | Noticed a troll
  2068 | D:7      | Reached skill level 5 in Dodging
  2068 | D:7      | Reached skill level 6 in Unarmed Combat
  2081 | D:7      | Killed a troll
  2177 | D:7      | Reached ** piety under Yredelemnul
  2509 | D:4      | Killed Pikel
  2510 | D:4      | Reached skill level 7 in Unarmed Combat
  2510 | D:4      | Reached XP level 9. HP: 87/91 MP: 8/8
  2579 | D:4      | Noticed Natasha
  2583 | D:4      | Killed Natasha
  2625 | D:4      | Noticed Natasha
  2637 | D:4      | Killed Natasha
  2695 | D:4      | Noticed Natasha
  2699 | D:4      | Killed Natasha
  2762 | D:4      | Reached *** piety under Yredelemnul
  2927 | D:4      | Found a runed translucent door.
  2928 | D:4      | Noticed Crazy Yiuf
  3059 | D:4      | Killed Crazy Yiuf
  3959 | D:2      | Noticed Jessica
  3964 | D:2      | Killed Jessica
  4066 | D:2      | Identified the +0 helmet of the Gate {Str+3}
  4066 | D:2      | Noticed Robin
  4087 | D:2      | Killed Robin
  5365 | D:7      | Reached skill level 8 in Unarmed Combat
  5656 | D:8      | Found a white marble altar of Elyvilon.
  5686 | D:8      | Noticed Psyche
  5697 | D:8      | Killed Psyche
  5747 | D:8      | Reached XP level 10. HP: 26/102 MP: 9/9
  5888 | D:8      | Found an iron altar of Okawaru.
  6096 | D:8      | Paralysed by a hornet for 1 turns
  6100 | D:8      | Reached skill level 9 in Unarmed Combat
  6417 | D:9      | Noticed a cyclops
  6435 | D:9      | Killed a cyclops
  6492 | D:9      | Paralysed by a hornet for 3 turns
  6765 | D:9      | Reached **** piety under Yredelemnul
  6945 | D:9      | Found a staircase to the Orcish Mines.
  7096 | D:9      | Reached ***** piety under Yredelemnul
  7183 | D:9      | Noticed a two-headed hydra
  7193 | D:9      | Reached ****** piety under Yredelemnul
  7202 | D:9      | Killed a three-headed hydra
  7203 | D:9      | Reached skill level 10 in Unarmed Combat
  7203 | D:9      | Reached XP level 11. HP: 63/113 MP: 10/10
  7539 | D:10     | Entered Level 10 of the Dungeon
  7744 | D:10     | Found a staircase to the Lair.
  7761 | D:10     | Reached skill level 1 in Invocations
  7954 | D:10     | Found a radiant altar of Vehumet.
  8011 | D:10     | Found a sparkling altar of Nemelex Xobeh.
  8173 | D:10     | Noticed a deep elf zephyrmancer
  8181 | D:10     | Killed a deep elf zephyrmancer
  8181 | D:10     | Charmed a deep elf zephyrmancer
  8320 | D:10     | Noticed a two-headed ogre
  8327 | D:10     | Killed a two-headed ogre
  8389 | D:10     | Noticed Amaemon
  8400 | D:10     | Killed Amaemon
  8696 | D:11     | Identified the +7 falchion "Itimp" {freeze, Will+ rCorr}
  8713 | D:11     | Noticed a skeletal warrior
  8714 | D:11     | Noticed a skeletal warrior
  8719 | D:11     | Noticed a skeletal warrior
  8720 | D:11     | Noticed a skeletal warrior
  8723 | D:11     | Noticed a skeletal warrior
  8856 | Lair:1   | Entered Level 1 of the Lair of Beasts
  8908 | Lair:1   | Reached skill level 11 in Unarmed Combat
  9042 | Lair:1   | Reached XP level 12. HP: 120/126 MP: 14/14
  9590 | Lair:1   | Reached skill level 10 in Fighting
 10028 | Lair:2   | Reached skill level 5 in Invocations
 10347 | Lair:2   | Found a gate leading to a gauntlet.
 10379 | Gauntlet | Entered a Gauntlet
 10379 | Gauntlet | Found a transporter.
 10379 | Gauntlet | Found a transporter.
 10385 | Gauntlet | Noticed a catoblepas
 10387 | Gauntlet | Noticed a catoblepas
 10589 | Gauntlet | Found a transporter.
 10590 | Gauntlet | Found a transporter.
 10590 | Gauntlet | Found a transporter.
 10591 | Gauntlet | Found a transporter.
 10601 | Gauntlet | Found a transporter.
 10603 | Gauntlet | Found a transporter.
 10656 | Gauntlet | Found a transporter.
 10668 | Gauntlet | Found a transporter.
 10688 | Gauntlet | Found a transporter.
 10705 | Gauntlet | Found a transporter.
 10717 | Gauntlet | Noticed a balrug
 10777 | Lair:2   | Reached skill level 10 in Dodging
 11114 | Lair:2   | Reached skill level 12 in Unarmed Combat
 11202 | Lair:2   | Found a hole to the Spider Nest.
 11238 | Lair:2   | Found the +8 demon trident "Rift" {distort, reach+}
 11537 | Lair:2   | Reached XP level 13. HP: 130/135 MP: 16/16
 11652 | Lair:2   | Identified the +9 flail "Uniukk" {heavy, rCorr Int-3 Dex+2
                  | SInv}
 11950 | Lair:2   | Found a staircase to the Swamp.
 13519 | Lair:4   | Reached skill level 13 in Unarmed Combat
 14485 | Lair:5   | Entered Level 5 of the Lair of Beasts
 14503 | Lair:5   | Found a staircase to the Slime Pits.
 14506 | Lair:5   | Found a viscous altar of Jiyva.
 14630 | Lair:5   | Reached XP level 14. HP: 26/148 MP: 19/19
 14969 | Lair:5   | Found a dark tunnel.
 15398 | Lair:5   | Found a burning altar of Makhleb.
 15459 | Lair:5   | HP: 7/148 [red devil/+2 demon trident of venom (26)]
 15462 | Lair:5   | HP: 3/148 [poisoned by a red devil]
 15463 | Lair:5   | HP: 1/148 [poisoned by a red devil]
 15465 | Lair:5   | Gained mutation: Your health recovers twice as slowly from
                  | being drained. [potion of mutation]
 15468 | Lair:5   | Mangled by a red devil

Illustrated notes

Levels and vault maps discovered:
D:2:      layout_basic, kennysheep_flooded_box, uniq_jessica, uniq_robin
D:3:      layout_loops_cross, lemuel_flame_loot_1
D:4:      layout_cave_pools, uniq_natasha, uniq_crazy_yiuf_cottage, uniq_pikel
D:5:      cheibrodos_thug_alley, layout_basic
D:6:      layout_basic, zin_scriptorium, minmay_temple_entry_drinking_statues,
          hellmonk_ghost_happy_afterlife, serial_corexii_hall,
          corexii_hall_statues_u, corexii_hall_statues_t
D:7:      layout_loops_ring, glass_columns_a, grunt_decor_mini_mirrors,
          nicolae_the_louvre, uniq_menkaure
D:8:      layout_rooms, elyvilon_altar_3, lemuel_tele_altar, uniq_psyche
D:9:      layout_loops_corners, orc_0_dummy, special_room [special_room_orc],
          hangedman_ranch
D:10:     layout_gridville, vehumet_crystals, lemuel_round_altar,
          due_lair_maze_entry_diamond, guppyfry_early_elven_hall, uniq_amaemon
D:11:     layout_rooms
Temple:   sentei_temple_godly_chess
Lair:1:   layout_cave_pods, special_room [special_room_bee],
          infiniplex_staircase_pool_2
Lair:2:   regret_index_wax_grids, layout_loops_ring,
          nicolae_swamp_entry_splash_gauntlet, dummy_spider_entry,
          gauntlet_entry_generic
Lair:3:   layout_hall_layers, grunt_forest_stairs_clearing, lemuel_fruit_fields,
          serial_bayou_shore_a
Lair:4:   layout_cellular_growth
Lair:5:   evil_forest, layout_big_grid, nicolae_slime_entry_slimehenge,
          nicolae_volcano_entry_hallway

Skill      XL: |  1  2  3  4  5  6  7  8  9 10 11 12 13 |
---------------+----------------------------------------+-----
Fighting       | 3 4 5 6 7 8 9 10 11 | 11.9
Dodging        | 2 3 4 6 7 8 9 10 11 | 11.7
Unarmed Combat | 3 4 5 7 8 10 11 12 13 | 13.7
Invocations    | 4 6 8 |  8.8
Stealth        | |  2.8

Action                     |  1- 3 |  4- 6 |  7- 9 | 10-12 | 13-15 || total
---------------------------+-------+-------+-------+-------+-------++-------
  Melee: Unarmed           |    16 |    85 |   307 |   610 |   312 ||  1330
         Punch             |       |     4 |    10 |    23 |    36 ||    73
 Invoke: Recall Undead Har |       |       |       |     2 |     1 ||     3
         Bind Soul         |       |       |       |     1 |     2 ||     3
         Dark Bargain      |       |       |       |       |     1 ||     1
  Evoke: Wand              |       |     1 |       |       |     2 ||     3
    Use: Scroll            |       |       |     9 |     6 |     5 ||    20
         Potion            |       |       |     1 |       |    15 ||    16
   Stab: Sleeping          |       |     2 |     8 |     3 |     2 ||    15
         Distracted        |       |       |     1 |     8 |     3 ||    12
         Invisible         |       |       |       |       |     1 ||     1
 Armour: Robe              |    27 |    52 |   196 |   488 |   286 ||  1049
         Skin              |       |       |    38 |       |       ||    38
  Dodge: Dodged            |    16 |    36 |   187 |   511 |   192 ||   942
